 Dungeon Crawl Stone Soup version 0.29-a0-845-g6161e89988 (webtiles) character file.

Game seed: 3436622464034242941

75173 spaghetti the Fighter (level 15, -2/127 HPs)
             Began as a Gnoll Wanderer on July 15, 2022.
             Was the Champion of Kikubaaqudgha.
             Collided with a stone wall (10 damage)
             ... caused by a rakshasa
             ... on level 15 of the Dungeon.
             The game lasted 00:39:24 (24549 turns).

spaghetti the Fighter (Gnoll Wanderer)             Turns: 24549, Time: 00:39:25

Health: -2/127     AC: 18    Str: 12    XL:     15   Next: 49%
Magic:  32/38      EV: 19    Int: 13    God:    Kikubaaqudgha [******]
Gold:   1299       SH:  8    Dex: 22    Spells: 5/35 levels left

rFire   x . .      SeeInvis +   R - +8 whip "Snakebite" {venom, curare, rPois, =fmace}
rCold   + + .      Faith    +   q - +0 buckler
rNeg    . . .      Spirit   .   Q - +0 acid dragon scales
rPois   +          Reflect  .   t - +2 hat {SInv}
rElec   .          Harm     +   l - +0 cloak
rCorr   +          Rampage  .   C - +1 pair of gloves {Dex+3}
Will    +....      Clarity  +   G - +2 pair of boots "Fyibadd" {Harm rF- rC++ MP+9}
Stlth   +++++.....              H - amulet of faith {!P}
HPRegen 0.31/turn               c - +4 ring of slaying
MPRegen 0.26/turn               W - +4 ring of slaying

@: very slightly contaminated, studying Unarmed Combat
A: fangs 1, strong nose, distributed training, agile 1, clarity, inability to
read while threatened 1
a: Renounce Religion, Unearth Wretches, Torment


You were on level 15 of the Dungeon.
You worshipped Kikubaaqudgha.
Kikubaaqudgha was exalted by your worship.
You visited 2 branches of the dungeon, and saw 21 of its levels.

You collected 1809 gold pieces.
You spent 510 gold pieces at shops.


Innate Abilities, Weirdness & Mutations

You have very sharp teeth.
Your uncanny sense of smell can sniff out nearby items.
Your experience applies equally to all skills.
You are agile. (Dex +4, Str/Int -1)
You possess an exceptional clarity of mind.
You occasionally lose the ability to read scrolls when taking damage.


   Skills:
 + Level 14.5 Fighting
 + Level 10.8 Short Blades
 + Level 10.5 Long Blades
 + Level 10.5 Axes
 + Level 10.5 Maces & Flails
 + Level 10.5 Polearms
 + Level 10.5 Staves
 + Level 10.5 Ranged Weapons
 + Level 10.5 Throwing
 + Level 10.5 Armour
 + Level 10.5 Dodging
 + Level 10.5 Stealth
 + Level 10.5 Shields
 + Level 13.8 Unarmed Combat
 + Level 10.5 Spellcasting
 + Level 8.8 Conjurations
 + Level 8.8 Hexes
 + Level 8.8 Summonings
 + Level 8.8 Necromancy
 + Level 8.8 Translocations
 + Level 8.8 Transmutations
 + Level 8.8 Fire Magic
 + Level 8.8 Ice Magic
 + Level 8.8 Air Magic
 + Level 8.8 Earth Magic
 + Level 8.8 Poison Magic
 + Level 11.4 Invocations
 + Level 10.5 Evocations


You had 5 spell levels left.
You knew the following spells:

 Your Spells              Type           Power      Damage    Failure   Level
a - Necrotise             Necr           100%       1d9       1%          1
b - Animate Dead          Necr           29%        N/A       4%          4
c - Anguish               Hex/Necr       14%        N/A       4%          4
d - Corpse Rot            Necr/Pois/Air  29%        N/A       4%          4
e - Dispel Undead         Necr           29%        3d13      4%          4
f - Olgreb's Toxic Radia  Pois           29%        N/A       4%          4
g - Ignite Poison         Fire/Tmut/Pois 29%        N/A       1%          3
h - Simulacrum            Ice/Necr       14%        N/A       58%         6

Your spell library contained the following spells:

 Spells                   Type           Power      Damage    Failure   Level
 Freeze                   Ice            100%       1d11      1%          1
 Magic Dart               Conj           100%       1d8       1%          1
 Slow                     Hex            100%       N/A       1%          1
 Poisonous Vapours        Pois/Air       58%        N/A       1%          2
 Searing Ray              Conj           58%        2d6       1%          2
 Confusing Touch          Hex            29%        N/A       1%          3
 Conjure Flame            Conj/Fire      29%        6-21      1%          3
 Portal Projectile        Hex/Tloc       58%        N/A       1%          3
 Vampiric Draining        Necr           29%        2d8       1%          3
 Cause Fear               Hex            14%        N/A       4%          4
 Fulminant Prism          Conj/Hex       14%        3d9       4%          4
 Iskenderun's Mystic Bla  Conj/Tloc      29%        2d7       4%          4
 Leda's Liquefaction      Hex/Erth       14%        N/A       4%          4
 Sticky Flame             Conj/Fire      29%        2d5       4%          4
 Agony                    Necr           29%        N/A       13%         5
 Alistair's Intoxication  Tmut/Pois      19%        N/A       13%         5
 Borgnjor's Vile Clutch   Necr/Erth      14%        N/A       13%         5
 Fireball                 Conj/Fire      14%        3d8       13%         5
 Iskenderun's Battlesphe  Conj           29%        2d8       13%         5
 Lee's Rapid Deconstruct  Erth           14%        3d10*     13%         5
 Silence                  Hex/Air        14%        N/A       13%         5
 Death Channel            Necr           14%        N/A       58%         6
 Haunt                    Necr/Summ      14%        N/A       99%         7
 Ozocubu's Refrigeration  Ice            14%        4d7       99%         7
 Borgnjor's Revivificati  Necr           14%        N/A       100%        8
 Discord                  Hex            14%        N/A       100%        8
 Ignition                 Fire           14%        3d6       100%        8
 Infestation              Necr           14%        N/A       100%        8
 Necromutation            Tmut/Necr      14%        N/A       100%        8
 Death's Door             Necr           14%        N/A       100%        9

Inventory:

Hand Weapons
 s - the +8 hand axe "Sasoohed" {vorpal, rCorr Dex-4 SInv Stlth+, axe}
   (You found it on level 2 of the Dungeon)

   It inflicts extra damage upon your enemies.
   Dex:       It affects your dexterity (-4).
   SInv:      It lets you see invisible.
   rCorr:     It protects you from acid and corrosion.
   Stlth:     It makes you more stealthy.
 R - the +8 whip "Snakebite" (weapon) {venom, curare, rPois, =fmace}
   (You took it off Amaemon on level 2 of the Lair of Beasts)

   It poisons the flesh of those it strikes.
   It occasionally inflicts asphyxiating poison on those it strikes, dealing
   poison damage and causing slowness.
   rPois:     It protects you from poison.
Missiles
 e - 9 silver javelins {throwing}
 m - 51 poisoned darts {throwing}
 u - 95 stones (quivered) {throwing}
 L - 3 throwing nets {=f!fthrowing}
 P - 6 curare-tipped darts {=fthrowing}
 Y - 5 atropa-tipped darts {throwing}
Armour
 l - a +0 cloak (worn)
   (You found it on level 5 of the Dungeon)
 q - a +0 buckler (worn)
   (You found it on level 1 of the Dungeon)
 t - a +2 hat of see invisible (worn)
   (You took it off Gastronok on level 8 of the Dungeon)
 C - a +1 pair of gloves of dexterity (worn)
   (You found it on level 5 of the Dungeon)
 G - the +2 pair of boots "Fyibadd" (worn) {Harm rF- rC++ MP+9}
   (You bought it in a shop on level 1 of the Dungeon)

   rF:        It makes you vulnerable to fire.
   rC:        It greatly protects you from cold.
   MP:        It affects your magic capacity (+9).
   Harm:      It increases damage dealt and taken.
 Q - +0 acid dragon scales (worn)
   (You found it on level 11 of the Dungeon)
Jewellery
 c - a +4 ring of slaying (left hand)
   (You found it on level 6 of the Lair of Beasts)
 H - an amulet of faith (around neck) {!P}
   (You found it on level 7 of the Dungeon)
 W - a +4 ring of slaying (right hand)
   (You found it on level 3 of the Lair of Beasts)
Wands
 h - a wand of digging (5)
   (You found it on level 7 of the Dungeon)
 F - a wand of polymorph (7)
   (You found it on level 7 of the Dungeon)
 J - a wand of paralysis (10)
   (You found it on level 12 of the Dungeon)
 K - a wand of acid (16)
   (You found it on level 4 of the Dungeon)
 T - a wand of flame (12)
   (You found it on level 1 of the Lair of Beasts)
Scrolls
 a - 3 scrolls of silence {!r}
 b - a scroll of enchant armour
 f - 7 scrolls of fog
 g - 5 scrolls of blinking {!r}
 i - 2 scrolls of brand weapon
 j - 9 scrolls of teleportation {@r4}
 r - a scroll of summoning
 v - a scroll of vulnerability {!r!r}
 x - 4 scrolls of immolation {!r!r}
 y - 2 scrolls of magic mapping {!r}
 A - 2 scrolls of poison
 M - 4 scrolls of fear
 N - 2 scrolls of enchant weapon
 V - a scroll of amnesia
 Z - 3 scrolls of identify {@r1}
Potions
 d - 3 potions of curing {@q1}
 k - 4 potions of attraction {!q}
 n - 2 potions of magic
 o - a potion of berserk rage {!q}
 p - 4 potions of might
 w - 5 potions of invisibility
 z - 5 potions of lignification {!q}
 B - 5 potions of resistance
 D - 3 potions of cancellation
 E - 3 potions of ambrosia
 I - 2 potions of brilliance
 U - a potion of haste {@q3}
Miscellaneous
 O - a box of beasts (inert)
   (You found it on level 10 of the Dungeon)
 S - a piece from Xom's chessboard (15/15)
   (You found it on level 15 of the Dungeon)
 X - a phial of floods
   (You found it on level 3 of the Lair of Beasts)

Dungeon Overview and Level Annotations

Branches:
Dungeon (14/15) Zot: 26909  Temple (0/1) D:4            Lair (6/6) D:11 Zot: 23218
  Swamp (0/4) Lair:2       Spider (0/4) Lair:2        Slime (0/5) Lair:5
    Orc (0/2) D:10         Vaults (0/5) D:13

Altars:
Ashenzari
Fedhas
Gozag
Hepliaklqana
Kikubaaqudgha
Makhleb
Qazlal
Sif Muna
Uskayaw
Wu Jian
Xom
The Shining One
Jiyva
Lugonu

Shops:
D:1 [   D:7 *

Portals:
Abyss: Lair:6

Annotations:
D:7 1 runed translucent door, peepos's ghost, novice MiBe
D:8 1 transporter
D:13 1 runed translucent door, SirDiesAlot's ghost, journeyman DEEE

####.......########...
...........#......#...
#######....#......#...
#.....'....'......#...
#.....#....########...
##....#...............
#....#...............
#####..R.#............###
#...$..R@####.........#
#.....)R.H..#.........#
#...........#.........#
#...........#.........#
#...........#.........#
#...........#.........#
#.....#++####.........#
#+#### ...........#
...........#


You could see 3 rakshasas and a friendly mature stingshock beast (summoned).


Message History

The rakshasa gestures at you. The lance of force hits you!!
You are knocked back by the lance of force.
You slam into the stone wall! ๐Ÿ˜ฎ HP[-41]
You take 41 damage, and now have 86/127 hp.
MASSIVE DAMAGE!! (PAUSE)
The rakshasa gestures at you. You block the lance of force.
The rakshasa gestures at you. The lance of force hits you!
You are knocked back by the lance of force.
You slam into the stone wall!
* * * LOW HITPOINT WARNING * * *
๐Ÿ˜จ HP[-26]
You take 26 damage, and now have 60/127 hp.
MASSIVE DAMAGE!! (PAUSE)
Okay, then.
The rakshasa barely misses you.
You hit the rakshasa.
The rakshasa hits you with a +0 long sword!
* * * LOW HITPOINT WARNING * * *
๐Ÿ˜จ HP[-12]
You take 12 damage, and now have 48/127 hp.
Unknown command.
You hit the rakshasa but do no damage. You hit the rakshasa.
You bite the rakshasa, but do no damage.
You block the rakshasa's attack.
You hit the rakshasa. ๐Ÿ˜จ HP[+1]
Casting: Corpse Rot (mildly dangerous; 4% risk of failure)
Confirm with . or Enter, or press ? or * to list all spells.
Casting: Anguish (mildly dangerous; 4% risk of failure)
Press: ? - help, Dir - look around, f - activate Look: a rakshasa, wielding a +0 long sword and wearing a +0 robe (moderately wounded, chance to affect: 0%)
Okay, then.
Casting: Anguish (mildly dangerous; 4% risk of failure)
Confirm with . or Enter, or press ? or * to list all spells.
You miscast Olgreb's Toxic Radiance.
You are very lightly contaminated with residual magic.
You feel odd. You resist.
* * * LOW HITPOINT WARNING * * *
The rakshasa barely misses you. ๐Ÿ˜จ HP[-1] MP[-4]
You take 1 damage, and now have 48/127 hp.
You lost 4 mp, and now have 34/38 mp.
Unknown command.
Unknown command.
Casting: Olgreb's Toxic Radiance (mildly dangerous; 4% risk of failure)
Confirm with . or Enter, or press ? or * to list all spells.
You begin to radiate toxic energy.
The rakshasa gestures at you. The lance of force hits you!!
* * * LOW HITPOINT WARNING * * *
You are knocked back by the lance of force.
You slam into the stone wall!
* * * LOW HITPOINT WARNING * * *
๐Ÿ˜ฑ HP[-43] MP[-4]
You take 43 damage, and now have 5/127 hp.
MASSIVE DAMAGE!! (PAUSE)
You lost 4 mp, and now have 30/38 mp.
Unknown command.
You feel better.
Your toxic aura wanes. ๐Ÿ˜ฑ HP[+11]
You regained 11 hp, and now have 16/127 hp.
You feel better.
You block the rakshasa's attack. ๐Ÿ˜ฑ HP[+11] MP[+1]
You regained 11 hp, and now have 27/127 hp.
Unknown command.
You thrash the rakshasa!! Your bite misses the rakshasa.
The injured rakshasa weaves a defensive illusion!
The rakshasa misses you. The rakshasa closely misses you.
You open the lid... ...and a mature stingshock beast leaps out!
The box is emptied!
The rakshasa hits you with a +0 long sword.
* * * LOW HITPOINT WARNING * * *
The rakshasa closely misses you. ๐Ÿ˜ฑ HP[-3]
You take 3 damage, and now have 24/127 hp.
You barely miss the rakshasa.
The rakshasa hits you with a +0 long sword.
* * * LOW HITPOINT WARNING * * *
The rakshasa closely misses you. x2 ๐Ÿ˜ฑ HP[-1]
You take 1 damage, and now have 23/127 hp.
You closely miss the rakshasa.
Your mature stingshock beast stings the rakshasa from afar.
The rakshasa looks as sick as possible!
Your mature stingshock beast poisons the rakshasa!
You closely miss the rakshasa. You bite the rakshasa!
The rakshasa gestures at you. The lance of force hits you!
* * * LOW HITPOINT WARNING * * *
You are knocked back by the lance of force.
You slam into the stone wall!
You die...
Kikubaaqudgha rasps: "You have failed me!
Welcome... death!"

Skill      XL: |  1  2  3  4  5  6  7  8  9 10 11 12 13 14 15 |
---------------+----------------------------------------------+-----
Fighting       | 11 12 13 14 | 14.5
Invocations    | 1 2 3 4 5 6 7 8 9 10 11 | 11.4
Long Blades    | 1 2 3 5 6 7 8 9 10 | 10.5
Axes           | 1 2 3 5 6 7 8 9 10 | 10.5
Maces & Flails | 1 2 3 5 6 7 8 9 10 | 10.5
Polearms       | 1 2 3 5 6 7 8 9 10 | 10.5
Staves         | 1 2 3 5 6 7 8 9 10 | 10.5
Ranged Weapons | 1 2 3 5 6 7 8 9 10 | 10.5
Throwing       | 1 2 3 5 6 7 8 9 10 | 10.5
Armour         | 1 2 3 5 6 7 8 9 10 | 10.5
Dodging        | 1 2 3 5 6 7 8 9 10 | 10.5
Stealth        | 1 2 3 5 6 7 8 9 10 | 10.5
Shields        | 1 2 3 5 6 7 8 9 10 | 10.5
Spellcasting   | 1 2 3 5 6 7 8 9 10 | 10.5
Evocations     | 1 2 3 5 6 7 8 9 10 | 10.5
Conjurations   | 1 2 3 4 5 6 7 8 |  8.8
Hexes          | 1 2 3 4 5 6 7 8 |  8.8
Summonings     | 1 2 3 4 5 6 7 8 |  8.8
Necromancy     | 1 2 3 4 5 6 7 8 |  8.8
Translocations | 1 2 3 4 5 6 7 8 |  8.8
Transmutations | 1 2 3 4 5 6 7 8 |  8.8
Fire Magic     | 1 2 3 4 5 6 7 8 |  8.8
Ice Magic      | 1 2 3 4 5 6 7 8 |  8.8
Air Magic      | 1 2 3 4 5 6 7 8 |  8.8
Earth Magic    | 1 2 3 4 5 6 7 8 |  8.8
Poison Magic   | 1 2 3 4 5 6 7 8 |  8.8
Short Blades   | 3 4 5 6 7 8 9 10 | 10.8
Unarmed Combat | 9 10 11 12 13 | 13.8

Action                   |  1- 3 |  4- 6 |  7- 9 | 10-12 | 13-15 || total
-------------------------+-------+-------+-------+-------+-------++-------
Melee: Unarmed           |    71 |       |       |    93 |       ||   164
       Punch             |     2 |       |       |       |       ||     2
       Bite              |     3 |     8 |    30 |    65 |   121 ||   227
       Hand axe          |     8 |    93 |   229 |   343 |       ||   673
       Whip              |       |       |       |    19 |   784 ||   803
Throw: Stone             |    22 |       |     3 |    62 |     1 ||    88
       Javelin           |       |     4 |     7 |    10 |       ||    21
       Dart              |       |     3 |       |     5 |       ||     8
 Cast: Necrotise         |       |     5 |       |     2 |     2 ||     9
       Animate Dead      |       |       |     3 |    17 |    22 ||    42
       Corpse Rot        |       |       |       |    15 |     7 ||    22
       Anguish           |       |       |       |     4 |     2 ||     6
       Dispel Undead     |       |       |       |     4 |     3 ||     7
       Olgreb's Toxic Ra |       |       |       |     5 |     2 ||     7
       Ignite Poison     |       |       |       |     2 |     4 ||     6
Invok: Unearth Wretches  |       |       |       |     1 |     3 ||     4
       Receive Forbidden |       |       |       |       |     1 ||     1
Evoke: Wand              |       |       |       |     3 |     4 ||     7
       Box of beasts     |       |       |       |     1 |     3 ||     4
       Phial of floods   |       |       |       |       |     1 ||     1
  Use: Potion            |       |     1 |     7 |     4 |     9 ||    21
       Scroll            |       |       |    10 |     9 |     8 ||    27
 Stab: Sleeping          |     1 |     4 |    13 |     9 |    19 ||    46
       Distracted        |     1 |       |       |     2 |    10 ||    13
       Paralysed         |       |       |       |       |     3 ||     3
Armor: Leather armour    |    24 |    12 |    51 |     6 |       ||    93
       Steam dragon scal |       |       |       |    58 |       ||    58
       Acid dragon scale |       |       |       |    49 |   230 ||   279
Dodge: Dodged            |    39 |    70 |   187 |   502 |   595 ||  1393
Block: Buckler           |     1 |    17 |    58 |   158 |   240 ||   474

Levels and vault maps discovered:
D:1:      minmay_arrival_diagonal_passages, layout_loops_ring,
          nicolae_ecumenical_lake_church, serial_shops, nicolae_shop_crystal
D:2:      layout_loops_ring, minmay_quantized
D:3:      layout_loops_cross, ashenzari_altar_1, mainiacjoe_overflow_catwalk,
          jmf_multi_god_temple, lemuel_zombie_altar_kikubaaqudgha
D:4:      layout_basic, minmay_temple_entry_trees, serial_bayou_pond_b
D:5:      layout_rooms, mainiacjoe_overflow_boulevard, grunt_ministairs_2
D:6:      layout_loops_ring, old_standard_altar, uniq_sigmund, uniq_grinder
D:7:      layout_loops_ring, grunt_temple_overflow_forces_of_nature,
          ebering_ghost_xom, serial_shops, shop, minmay_misc_feat_x,
          hangedman_abyss_or_decor_slice
D:8:      layout_loops_ring, grunt_ogre_cave, nicolae_diode_basic,
          uniq_gastronok
D:9:      layout_long_grid, mainiacjoe_overflow_chevrons,
          mainiacjoe_overflow_six_doors_small, minivault_27
D:10:     layout_cave_pods, dancing_weapons_uskayaw,
          minmay_orc_entry_temple_small
D:11:     layout_loops_ring, lair_entry_dummy, bh_hangedman_babel_library
D:12:     layout_rooms, minivault_4, grunt_gozag_statues
D:13:     layout_long_grid, david_vaults_4, hellmonk_ghost_happy_afterlife
D:14:     layout_layer_cave, chequers_jeans, minmay_statue_bubble
D:15:     grunt_enter_depths_snipers, layout_irregular_city, serial_shops,
          nicolae_shop_bloodbath_and_beyond, shop, shop, shop
Lair:1:   layout_loops_ring
Lair:2:   layout_cave_shapes, nicolae_swamp_entry_splash_gauntlet,
          dummy_spider_entry, uniq_amaemon
Lair:3:   layout_regular_city, small_statue_intersection, uniq_rupert,
          uniq_sonja, uniq_nergalle
Lair:4:   layout_hall_layers, grunt_megastairs_5
Lair:5:   wad_woods_minihive, layout_hall_layers,
          minmay_slime_entry_oklob_enclosed, chequers_serial_rivers_micro_c,
          nicolae_lair_liquid_snakes
Lair:6:   hellmonk_lair_end_abyssal_woods, layout_hall_layers,
          gammafunk_ghost_grave, gauntlet_entry_generic, grunt_megastairs_4

Notes
Turn   | Place    | Note
-------+----------+-------------------------------------------
     0 | D:1      | Reached skill level 10 in Fighting
     0 | D:1      | spaghetti the Gnoll Wanderer began the quest for the Orb.
     0 | D:1      | spaghetti set off with the following items: a +1 short
                  | sword {short}, a potion of berserk rage {!q}, a scroll of
                  | blinking {!r}, a potion of curing {@q1}, a +0 leather
                  | armour.
     0 | D:1      | Reached XP level 1. HP: 29/29 MP: 1/1
     0 | D:1      | magus.rc [v1.9.6]
   126 | D:1      | Found a faded altar of an unknown god.
   264 | D:1      | Reached XP level 2. HP: 36/36 MP: 2/2
   414 | D:1      | Found Yziakhle's Antique Armour Boutique.
   464 | D:1      | You pick up a book of Debilitation and begin reading...
   464 | D:1      | You add the spells Slow, Vampiric Draining and Confusing
                  | Touch to your library.
   829 | D:2      | Reached XP level 3. HP: 42/42 MP: 3/3
   881 | D:2      | Reached skill level 1 in Invocations
  1226 | D:2      | Identified the +8 hand axe "Sasoohed" {vorpal, rCorr Dex-4
                  | SInv Stlth+}
  1240 | D:2      | Reached skill level 1 in Long Blades
  1240 | D:2      | Reached skill level 1 in Axes
  1240 | D:2      | Reached skill level 1 in Maces & Flails
  1240 | D:2      | Reached skill level 1 in Polearms
  1240 | D:2      | Reached skill level 1 in Staves
  1240 | D:2      | Reached skill level 1 in Ranged Weapons
  1240 | D:2      | Reached skill level 1 in Throwing
  1240 | D:2      | Reached skill level 1 in Armour
  1240 | D:2      | Reached skill level 1 in Dodging
  1240 | D:2      | Reached skill level 1 in Stealth
  1240 | D:2      | Reached skill level 1 in Shields
  1240 | D:2      | Reached skill level 1 in Spellcasting
  1240 | D:2      | Reached skill level 1 in Evocations
  1322 | D:2      | Reached XP level 4. HP: 45/48 MP: 5/5
  1624 | D:3      | Reached skill level 1 in Conjurations
  1624 | D:3      | Reached skill level 1 in Hexes
  1624 | D:3      | Reached skill level 1 in Summonings
  1624 | D:3      | Reached skill level 1 in Necromancy
  1624 | D:3      | Reached skill level 1 in Translocations
  1624 | D:3      | Reached skill level 1 in Transmutations
  1624 | D:3      | Reached skill level 1 in Fire Magic
  1624 | D:3      | Reached skill level 1 in Ice Magic
  1624 | D:3      | Reached skill level 1 in Air Magic
  1624 | D:3      | Reached skill level 1 in Earth Magic
  1624 | D:3      | Reached skill level 1 in Poison Magic
  1840 | D:3      | Found an ancient bone altar of Kikubaaqudgha.
  1889 | D:3      | Reached XP level 5. HP: 50/54 MP: 7/7
  1907 | D:3      | Reached skill level 3 in Short Blades
  1959 | D:3      | Became a worshipper of Kikubaaqudgha
  2154 | D:3      | Found a broken altar of Ashenzari.
  2214 | D:3      | Found a hazy altar of Hepliaklqana.
  2458 | D:3      | Found a glowing golden altar of the Shining One.
  2459 | D:3      | Found a shimmering altar of Xom.
  2634 | D:1      | Bought a heavily runed ring mail for 225 gold pieces
  2634 | D:1      | Identified the +2 ring mail of the Volcano {*Slow +Inv rF+
                  | Will+} (You bought it in a shop on level 1 of the Dungeon)
  2707 | D:4      | Reached skill level 2 in Invocations
  2707 | D:4      | Reached XP level 6. HP: 53/61 MP: 8/8
  2786 | D:4      | Reached skill level 2 in Long Blades
  2786 | D:4      | Reached skill level 2 in Axes
  2786 | D:4      | Reached skill level 2 in Maces & Flails
  2786 | D:4      | Reached skill level 2 in Polearms
  2786 | D:4      | Reached skill level 2 in Staves
  2786 | D:4      | Reached skill level 2 in Ranged Weapons
  2786 | D:4      | Reached skill level 2 in Throwing
  2786 | D:4      | Reached skill level 2 in Armour
  2786 | D:4      | Reached skill level 2 in Dodging
  2786 | D:4      | Reached skill level 2 in Stealth
  2786 | D:4      | Reached skill level 2 in Shields
  2786 | D:4      | Reached skill level 2 in Spellcasting
  2786 | D:4      | Reached skill level 2 in Evocations
  2944 | D:4      | Reached * piety under Kikubaaqudgha
  2944 | D:4      | You add the spells Necrotise, Anguish and Animate Dead to
                  | your library.
  2944 | D:4      | Received a gift from Kikubaaqudgha
  2947 | D:4      | Learned a level 1 spell: Necrotise
  2952 | D:4      | Learned a level 4 spell: Animate Dead
  3207 | D:4      | Reached XP level 7. HP: 47/67 MP: 10/10
  3208 | D:4      | HP: 12/67 [iguana (12)]
  3211 | D:5      | Entered Level 5 of the Dungeon
  3217 | D:5      | Reached skill level 2 in Conjurations
  3217 | D:5      | Reached skill level 2 in Hexes
  3217 | D:5      | Reached skill level 2 in Summonings
  3217 | D:5      | Reached skill level 2 in Necromancy
  3217 | D:5      | Reached skill level 2 in Translocations
  3217 | D:5      | Reached skill level 2 in Transmutations
  3217 | D:5      | Reached skill level 2 in Fire Magic
  3217 | D:5      | Reached skill level 2 in Ice Magic
  3217 | D:5      | Reached skill level 2 in Air Magic
  3217 | D:5      | Reached skill level 2 in Earth Magic
  3217 | D:5      | Reached skill level 2 in Poison Magic
  3232 | D:5      | HP: 11/67 [worm (5)]
  3597 | D:5      | Found a burning altar of Makhleb.
  3633 | D:5      | Reached skill level 9 in Unarmed Combat
  3633 | D:5      | Reached skill level 3 in Invocations
  3754 | D:5      | Reached skill level 4 in Short Blades
  3754 | D:5      | Reached skill level 3 in Long Blades
  3754 | D:5      | Reached skill level 3 in Axes
  3754 | D:5      | Reached skill level 3 in Maces & Flails
  3754 | D:5      | Reached skill level 3 in Polearms
  3754 | D:5      | Reached skill level 3 in Staves
  3754 | D:5      | Reached skill level 3 in Ranged Weapons
  3754 | D:5      | Reached skill level 3 in Throwing
  3754 | D:5      | Reached skill level 3 in Armour
  3754 | D:5      | Reached skill level 3 in Dodging
  3754 | D:5      | Reached skill level 3 in Stealth
  3754 | D:5      | Reached skill level 3 in Shields
  3754 | D:5      | Reached skill level 3 in Spellcasting
  3754 | D:5      | Reached skill level 3 in Evocations
  3754 | D:5      | Reached XP level 8. HP: 62/74 MP: 12/12
  4350 | D:6      | Reached skill level 11 in Fighting
  4505 | D:6      | Reached skill level 3 in Conjurations
  4505 | D:6      | Reached skill level 3 in Hexes
  4505 | D:6      | Reached skill level 3 in Summonings
  4505 | D:6      | Reached skill level 3 in Necromancy
  4505 | D:6      | Reached skill level 3 in Translocations
  4505 | D:6      | Reached skill level 3 in Transmutations
  4505 | D:6      | Reached skill level 3 in Fire Magic
  4505 | D:6      | Reached skill level 3 in Ice Magic
  4505 | D:6      | Reached skill level 3 in Air Magic
  4505 | D:6      | Reached skill level 3 in Earth Magic
  4505 | D:6      | Reached skill level 3 in Poison Magic
  4505 | D:6      | Reached skill level 4 in Invocations
  4659 | D:6      | Noticed Sigmund
  4676 | D:6      | Killed Sigmund
  4690 | D:6      | Found an ornate altar of the Wu Jian Council.
  4690 | D:6      | Noticed Grinder
  4696 | D:6      | Reached XP level 9. HP: 29/81 MP: 14/14
  4696 | D:6      | HP: 14/81 [orc priest/divine providence (13)]
  4697 | D:6      | Gained mutation: Your magical capacity is low. (-10% MP)
                  | [potion of mutation]
  4697 | D:6      | Gained mutation: You occasionally lose the ability to drink
                  | potions when taking damage. [potion of mutation]
  4697 | D:6      | Gained mutation: Your natural rate of healing is unusually
                  | fast. [potion of mutation]
  4697 | D:6      | HP: 6/81 [orc priest/nerve-wracking pain (9)]
  4705 | D:6      | Reached skill level 4 in Long Blades
  4705 | D:6      | Reached skill level 4 in Axes
  4705 | D:6      | Reached skill level 4 in Maces & Flails
  4705 | D:6      | Reached skill level 4 in Polearms
  4705 | D:6      | Reached skill level 4 in Staves
  4705 | D:6      | Reached skill level 4 in Ranged Weapons
  4705 | D:6      | Reached skill level 4 in Throwing
  4705 | D:6      | Reached skill level 4 in Armour
  4705 | D:6      | Reached skill level 4 in Dodging
  4705 | D:6      | Reached skill level 4 in Stealth
  4705 | D:6      | Reached skill level 4 in Shields
  4705 | D:6      | Reached skill level 4 in Spellcasting
  4705 | D:6      | Reached skill level 4 in Evocations
  4708 | D:6      | HP: 20/81 [orc wizard/+0 dagger (1)]
  4708 | D:6      | HP: 9/81 [orc priest/divine providence (11)]
  4709 | D:6      | HP: 3/81 [orc wizard/magic dart (7)]
  4861 | D:6      | Killed Grinder
  4861 | D:6      | Reached ** piety under Kikubaaqudgha
  4862 | D:6      | Reached skill level 5 in Short Blades
  5347 | D:7      | Found a blossoming altar of Fedhas.
  5353 | D:7      | Found a stormy altar of Qazlal.
  5487 | D:7      | Reached skill level 5 in Invocations
  5611 | D:7      | Found Tuegau's Assorted Antiques.
  5617 | D:7      | Bought a scroll of identify for 48 gold pieces
  5667 | D:7      | Found a runed translucent door.
  5667 | D:7      | Found a shimmering altar of Xom.
  5667 | D:7      | Noticed peepos's ghost (novice MiBe)
  5667 | D:7      | Noticed a +2 spear of chaos
  5876 | D:7      | Reached skill level 4 in Conjurations
  5876 | D:7      | Reached skill level 4 in Hexes
  5876 | D:7      | Reached skill level 4 in Summonings
  5876 | D:7      | Reached skill level 4 in Necromancy
  5876 | D:7      | Reached skill level 4 in Translocations
  5876 | D:7      | Reached skill level 4 in Transmutations
  5876 | D:7      | Reached skill level 4 in Fire Magic
  5876 | D:7      | Reached skill level 4 in Ice Magic
  5876 | D:7      | Reached skill level 4 in Air Magic
  5876 | D:7      | Reached skill level 4 in Earth Magic
  5876 | D:7      | Reached skill level 4 in Poison Magic
  6131 | D:8      | Reached skill level 5 in Long Blades
  6131 | D:8      | Reached skill level 5 in Axes
  6131 | D:8      | Reached skill level 5 in Maces & Flails
  6131 | D:8      | Reached skill level 5 in Polearms
  6131 | D:8      | Reached skill level 5 in Staves
  6131 | D:8      | Reached skill level 5 in Ranged Weapons
  6131 | D:8      | Reached skill level 5 in Throwing
  6131 | D:8      | Reached skill level 5 in Armour
  6131 | D:8      | Reached skill level 5 in Dodging
  6131 | D:8      | Reached skill level 5 in Stealth
  6131 | D:8      | Reached skill level 5 in Shields
  6131 | D:8      | Reached skill level 5 in Spellcasting
  6131 | D:8      | Reached skill level 5 in Evocations
  6131 | D:8      | Reached XP level 10. HP: 78/88 MP: 15/15
  6141 | D:8      | Reached skill level 10 in Unarmed Combat
  6415 | D:1      | Bought a pair of distressingly furry boots for 237 gold
                  | pieces
  6415 | D:1      | Identified the +2 pair of boots "Fyibadd" {Harm rF- rC++
                  | MP+9} (You bought it in a shop on level 1 of the Dungeon)
  6425 | D:1      | Learned a level 4 spell: Anguish
  6567 | D:4      | Reached *** piety under Kikubaaqudgha
  6567 | D:4      | You add the spells Corpse Rot, Dispel Undead, Agony,
                  | Borgnjor's Vile Clutch and Simulacrum to your library.
  6567 | D:4      | Received a gift from Kikubaaqudgha
  6586 | D:4      | Learned a level 4 spell: Corpse Rot
  6591 | D:4      | Learned a level 4 spell: Dispel Undead
  6834 | D:4      | Found a staircase to the Ecumenical Temple.
  7188 | D:8      | Noticed Gastronok
  7216 | D:8      | Killed Gastronok
  7217 | D:8      | Reached skill level 6 in Short Blades
  7217 | D:8      | Reached skill level 6 in Invocations
  7317 | D:8      | You add the spells Olgreb's Toxic Radiance, Ozocubu's
                  | Refrigeration and Ignition to your library.
  7371 | D:8      | Found a transporter.
  8073 | D:9      | Found a shimmering blue altar of Sif Muna.
  8112 | D:9      | Reached skill level 12 in Fighting
  8118 | D:9      | Reached skill level 6 in Long Blades
  8118 | D:9      | Reached skill level 6 in Axes
  8118 | D:9      | Reached skill level 6 in Maces & Flails
  8118 | D:9      | Reached skill level 6 in Polearms
  8118 | D:9      | Reached skill level 6 in Staves
  8118 | D:9      | Reached skill level 6 in Ranged Weapons
  8118 | D:9      | Reached skill level 6 in Throwing
  8118 | D:9      | Reached skill level 6 in Armour
  8118 | D:9      | Reached skill level 6 in Dodging
  8118 | D:9      | Reached skill level 6 in Stealth
  8118 | D:9      | Reached skill level 6 in Shields
  8118 | D:9      | Reached skill level 6 in Spellcasting
  8118 | D:9      | Reached skill level 6 in Evocations
  8460 | D:9      | Reached skill level 5 in Conjurations
  8460 | D:9      | Reached skill level 5 in Hexes
  8460 | D:9      | Reached skill level 5 in Summonings
  8460 | D:9      | Reached skill level 5 in Necromancy
  8460 | D:9      | Reached skill level 5 in Translocations
  8460 | D:9      | Reached skill level 5 in Transmutations
  8460 | D:9      | Reached skill level 5 in Fire Magic
  8460 | D:9      | Reached skill level 5 in Ice Magic
  8460 | D:9      | Reached skill level 5 in Air Magic
  8460 | D:9      | Reached skill level 5 in Earth Magic
  8460 | D:9      | Reached skill level 5 in Poison Magic
  8473 | D:9      | Reached XP level 11. HP: 91/95 MP: 18/18
  8499 | D:9      | Found an opulent altar of Gozag.
  8499 | D:9      | Noticed a two-headed ogre
  8514 | D:9      | Killed a two-headed ogre
  8794 | D:9      | Reached **** piety under Kikubaaqudgha
  9036 | D:10     | Entered Level 10 of the Dungeon
  9167 | D:10     | Reached skill level 7 in Invocations
  9177 | D:10     | Reached skill level 7 in Short Blades
  9487 | D:10     | Noticed a +0 hand axe
  9487 | D:10     | Noticed a +0 dagger
  9488 | D:10     | Found a hide-covered altar of Uskayaw.
  9628 | D:10     | You add the spells Conjure Flame, Ignite Poison and Sticky
                  | Flame to your library.
  9720 | D:10     | Learned a level 4 spell: Olgreb's Toxic Radiance
  9843 | D:10     | Found a staircase to the Orcish Mines.
 10359 | D:11     | Found a staircase to the Lair.
 10416 | D:11     | Noticed a cyclops
 10422 | D:11     | Killed a cyclops
 10903 | D:11     | Noticed a wizard
 10905 | D:11     | Noticed a wizard
 10909 | D:11     | Killed a wizard
 10910 | D:11     | Reached skill level 11 in Unarmed Combat
 10915 | D:11     | You add the spells Portal Projectile and Cause Fear to your
                  | library.
 10915 | D:11     | Got Nywkaori's Tome of Dhcmrlchtdj
 10919 | D:11     | Killed a wizard
 10920 | D:11     | Reached skill level 7 in Long Blades
 10920 | D:11     | Reached skill level 7 in Axes
 10920 | D:11     | Reached skill level 7 in Maces & Flails
 10920 | D:11     | Reached skill level 7 in Polearms
 10920 | D:11     | Reached skill level 7 in Staves
 10920 | D:11     | Reached skill level 7 in Ranged Weapons
 10920 | D:11     | Reached skill level 7 in Throwing
 10920 | D:11     | Reached skill level 7 in Armour
 10920 | D:11     | Reached skill level 7 in Dodging
 10920 | D:11     | Reached skill level 7 in Stealth
 10920 | D:11     | Reached skill level 7 in Shields
 10920 | D:11     | Reached skill level 7 in Spellcasting
 10920 | D:11     | Reached skill level 7 in Evocations
 10921 | D:11     | Noticed a wizard
 10926 | D:11     | Noticed a deep elf zephyrmancer
 10930 | D:11     | Killed a wizard
 10938 | D:11     | Killed a deep elf zephyrmancer
 10939 | D:11     | Reached XP level 12. HP: 70/103 MP: 20/20
 10940 | D:11     | You add the spells Alistair's Intoxication and Discord to
                  | your library.
 10940 | D:11     | Got the Compendium of Axaxaxas mlรถ
 10947 | D:11     | You add the spells Leda's Liquefaction and Silence to your
                  | library.
 10947 | D:11     | Got Ts'ui Pรชn's Catalogue of Forking Paths
 10952 | D:11     | Learned a level 3 spell: Ignite Poison
 11076 | Lair:1   | Entered Level 1 of the Lair of Beasts
 11109 | Lair:1   | Noticed a six-headed hydra
 11124 | Lair:1   | Killed a six-headed hydra
 11125 | Lair:1   | Reached skill level 6 in Conjurations
 11125 | Lair:1   | Reached skill level 6 in Hexes
 11125 | Lair:1   | Reached skill level 6 in Summonings
 11125 | Lair:1   | Reached skill level 6 in Necromancy
 11125 | Lair:1   | Reached skill level 6 in Translocations
 11125 | Lair:1   | Reached skill level 6 in Transmutations
 11125 | Lair:1   | Reached skill level 6 in Fire Magic
 11125 | Lair:1   | Reached skill level 6 in Ice Magic
 11125 | Lair:1   | Reached skill level 6 in Air Magic
 11125 | Lair:1   | Reached skill level 6 in Earth Magic
 11125 | Lair:1   | Reached skill level 6 in Poison Magic
 11194 | Lair:1   | Reached ***** piety under Kikubaaqudgha
 11195 | Lair:1   | Reached skill level 8 in Invocations
 11358 | Lair:1   | You add the spells Freeze, Fireball and Iskenderun's
                  | Battlesphere to your library.
 11358 | Lair:1   | Got the Compilation of Energetic Congelation
 11459 | Lair:1   | Reached skill level 8 in Short Blades
 11618 | Lair:1   | Noticed a six-headed hydra
 11619 | Lair:1   | Lost mutation: Your natural rate of healing is unusually
                  | fast. [potion of mutation]
 11619 | Lair:1   | Lost mutation: Your magical capacity is low. (-10% MP)
                  | [potion of mutation]
 11619 | Lair:1   | Gained mutation: Your mind is acute. (Int +4, Str/Dex -1)
                  | [potion of mutation]
 11619 | Lair:1   | Gained mutation: You occasionally lose the ability to read
                  | scrolls when taking damage. [potion of mutation]
 11634 | Lair:1   | Killed a seven-headed hydra
 12464 | Lair:2   | Found a hole to the Spider Nest.
 12470 | Lair:2   | You pick up a book of Conjurations {@e2} and begin
                  | reading...
 12470 | Lair:2   | You add the spells Magic Dart, Searing Ray and Fulminant
                  | Prism to your library.
 12673 | Lair:2   | Noticed a five-headed hydra
 12685 | Lair:2   | Killed a five-headed hydra
 13336 | Lair:2   | Noticed Amaemon
 13336 | Lair:2   | Amaemon the Diabolical Poisoner comes into view. He is
                  | wielding the +8 whip "Snakebite" {venom, curare, rPois}.
 13347 | Lair:2   | Reached skill level 13 in Fighting
 13347 | Lair:2   | Reached skill level 8 in Long Blades
 13347 | Lair:2   | Reached skill level 8 in Axes
 13347 | Lair:2   | Reached skill level 8 in Maces & Flails
 13347 | Lair:2   | Reached skill level 8 in Polearms
 13347 | Lair:2   | Reached skill level 8 in Staves
 13347 | Lair:2   | Reached skill level 8 in Ranged Weapons
 13347 | Lair:2   | Reached skill level 8 in Throwing
 13347 | Lair:2   | Reached skill level 8 in Armour
 13347 | Lair:2   | Reached skill level 8 in Dodging
 13347 | Lair:2   | Reached skill level 8 in Stealth
 13347 | Lair:2   | Reached skill level 8 in Shields
 13347 | Lair:2   | Reached skill level 8 in Spellcasting
 13347 | Lair:2   | Reached skill level 8 in Evocations
 13347 | Lair:2   | Aim: Amaemon, wielding the +8 whip "Snakebite" {venom,
                  | curare, rPois} (not watching you, ally target)
 13347 | Lair:2   | Aim: Amaemon, wielding the +8 whip "Snakebite" {venom,
                  | curare, rPois} (not watching you, ally target)
 13350 | Lair:2   | Aim: Amaemon, wielding the +8 whip "Snakebite" {venom,
                  | curare, rPois} (lightly wounded, ally target, 67% to hit)
 13350 | Lair:2   | Aim: Amaemon, wielding the +8 whip "Snakebite" {venom,
                  | curare, rPois} (lightly wounded, ally target, 67% to hit)
 13351 | Lair:2   | Aim: Amaemon, wielding the +8 whip "Snakebite" {venom,
                  | curare, rPois} (heavily wounded, covered in acid, ally
                  | target, 67% to hit)
 13351 | Lair:2   | Aim: Amaemon, wielding the +8 whip "Snakebite" {venom,
                  | curare, rPois} (heavily wounded, covered in acid, ally
                  | target, 67% to hit)
 13352 | Lair:2   | Aim: Amaemon, wielding the +8 whip "Snakebite" {venom,
                  | curare, rPois} (severely wounded, not watching you,
                  | extremely poisoned, covered in acid, ally target, 67% to
                  | hit)
 13352 | Lair:2   | Aim: Amaemon, wielding the +8 whip "Snakebite" {venom,
                  | curare, rPois} (severely wounded, not watching you,
                  | extremely poisoned, covered in acid, ally target, 67% to
                  | hit)
 13352 | Lair:2   | Killed Amaemon
 13454 | Lair:2   | Found a staircase to the Swamp.
 13476 | Lair:2   | Reached XP level 13. HP: 61/111 MP: 25/25
 13689 | Lair:3   | Reached skill level 9 in Invocations
 13915 | Lair:3   | Noticed Nergalle
 13935 | Lair:3   | Killed Nergalle
 14137 | Lair:3   | Reached skill level 7 in Conjurations
 14137 | Lair:3   | Reached skill level 7 in Hexes
 14137 | Lair:3   | Reached skill level 7 in Summonings
 14137 | Lair:3   | Reached skill level 7 in Necromancy
 14137 | Lair:3   | Reached skill level 7 in Translocations
 14137 | Lair:3   | Reached skill level 7 in Transmutations
 14137 | Lair:3   | Reached skill level 7 in Fire Magic
 14137 | Lair:3   | Reached skill level 7 in Ice Magic
 14137 | Lair:3   | Reached skill level 7 in Air Magic
 14137 | Lair:3   | Reached skill level 7 in Earth Magic
 14137 | Lair:3   | Reached skill level 7 in Poison Magic
 14348 | Lair:3   | Noticed Sonja
 14355 | Lair:3   | Killed Sonja
 14372 | Lair:3   | Noticed Rupert
 14377 | Lair:3   | Paralysed by Rupert for 5 turns
 14389 | Lair:3   | HP: 24/111 [Rupert/+4 battleaxe of venom (26)]
 14393 | Lair:3   | Killed Rupert
 14394 | Lair:3   | Reached skill level 9 in Short Blades
 14394 | Lair:3   | Reached skill level 12 in Unarmed Combat
 14400 | Lair:3   | HP: 22/111 [black mamba (4)]
 15691 | Lair:4   | You pick up a book of Unlife and begin reading...
 16185 | Lair:4   | Reached skill level 9 in Long Blades
 16185 | Lair:4   | Reached skill level 9 in Axes
 16185 | Lair:4   | Reached skill level 9 in Maces & Flails
 16185 | Lair:4   | Reached skill level 9 in Polearms
 16185 | Lair:4   | Reached skill level 9 in Staves
 16185 | Lair:4   | Reached skill level 9 in Ranged Weapons
 16185 | Lair:4   | Reached skill level 9 in Throwing
 16185 | Lair:4   | Reached skill level 9 in Armour
 16185 | Lair:4   | Reached skill level 9 in Dodging
 16185 | Lair:4   | Reached skill level 9 in Stealth
 16185 | Lair:4   | Reached skill level 9 in Shields
 16185 | Lair:4   | Reached skill level 9 in Spellcasting
 16185 | Lair:4   | Reached skill level 9 in Evocations
 17025 | Lair:5   | Reached XP level 14. HP: 118/118 MP: 27/27
 17033 | Lair:5   | Reached ****** piety under Kikubaaqudgha
 17034 | Lair:5   | Reached skill level 10 in Invocations
 17096 | Lair:5   | Learned a level 6 spell: Simulacrum
 17612 | Lair:5   | Found a viscous altar of Jiyva.
 17614 | Lair:5   | Found a staircase to the Slime Pits.
 17657 | Lair:5   | You add the spells Haunt, Borgnjor's Revivification,
                  | Infestation, Necromutation and Death's Door to your
                  | library.
 17657 | Lair:5   | Received a gift from Kikubaaqudgha
 18121 | Lair:6   | Entered Level 6 of the Lair of Beasts
 18166 | Lair:6   | HP: 29/119 [elephant (9)]
 18171 | Lair:6   | HP: 11/119 [elephant (6)]
 18172 | Lair:6   | HP: 2/119 [elephant (9)]
 18637 | Lair:6   | Reached skill level 8 in Conjurations
 18637 | Lair:6   | Reached skill level 8 in Hexes
 18637 | Lair:6   | Reached skill level 8 in Summonings
 18637 | Lair:6   | Reached skill level 8 in Necromancy
 18637 | Lair:6   | Reached skill level 8 in Translocations
 18637 | Lair:6   | Reached skill level 8 in Transmutations
 18637 | Lair:6   | Reached skill level 8 in Fire Magic
 18637 | Lair:6   | Reached skill level 8 in Ice Magic
 18637 | Lair:6   | Reached skill level 8 in Air Magic
 18637 | Lair:6   | Reached skill level 8 in Earth Magic
 18637 | Lair:6   | Reached skill level 8 in Poison Magic
 18908 | Lair:6   | Reached skill level 10 in Short Blades
 19308 | Lair:6   | Reached skill level 14 in Fighting
 19892 | Lair:6   | Found a runed translucent door.
 19894 | Lair:6   | Noticed SirDiesAlot's ghost (journeyman DEEE)
 20099 | Lair:6   | Killed SirDiesAlot's ghost
 20300 | Lair:6   | Reached skill level 13 in Unarmed Combat
 20580 | Lair:6   | Reached skill level 10 in Long Blades
 20580 | Lair:6   | Reached skill level 10 in Axes
 20580 | Lair:6   | Reached skill level 10 in Maces & Flails
 20580 | Lair:6   | Reached skill level 10 in Polearms
 20580 | Lair:6   | Reached skill level 10 in Staves
 20580 | Lair:6   | Reached skill level 10 in Ranged Weapons
 20580 | Lair:6   | Reached skill level 10 in Throwing
 20580 | Lair:6   | Reached skill level 10 in Armour
 20580 | Lair:6   | Reached skill level 10 in Dodging
 20580 | Lair:6   | Reached skill level 10 in Stealth
 20580 | Lair:6   | Reached skill level 10 in Shields
 20580 | Lair:6   | Reached skill level 10 in Spellcasting
 20580 | Lair:6   | Reached skill level 10 in Evocations
 20813 | Lair:6   | HP: 25/120 [large abomination (26)]
 21443 | Lair:6   | Reached XP level 15. HP: 118/126 MP: 29/29
 21502 | Lair:6   | Found a corrupted altar of Lugonu.
 21502 | Lair:6   | Found a one-way gate to the infinite horrors of the Abyss.
 21504 | Lair:6   | Reached skill level 11 in Invocations
 22148 | D:12     | Found an opulent altar of Gozag.
 22328 | D:12     | Could not pick up a +0 double sword {longrare=g} here;
                  | ([A]lways) ignore it?
 23241 | D:13     | Found a gate to the Vaults.
 23253 | D:13     | Lost mutation: Your mind is acute. (Int +4, Str/Dex -1)
                  | [potion of mutation]
 23253 | D:13     | Lost mutation: You occasionally lose the ability to drink
                  | potions when taking damage. [potion of mutation]
 23253 | D:13     | Gained mutation: Armour fits poorly on your strangely
                  | shaped body. [potion of mutation]
 23253 | D:13     | Gained mutation: You have hidden genetic defects. [potion
                  | of mutation]
 23253 | D:13     | Gained mutation: You are clumsy. (Dex -2) [potion of
                  | mutation]
 23345 | D:13     | HP: 31/127 [vampire mosquito (10)]
 23843 | D:13     | Found a runed translucent door.
 23847 | D:13     | Noticed SirDiesAlot's ghost (journeyman DEEE)
 23862 | D:13     | You pick up a book of Blasting and begin reading...
 23862 | D:13     | You add the spells Iskenderun's Mystic Blast and Lee's
                  | Rapid Deconstruction to your library.
 23985 | D:13     | Lost mutation: Armour fits poorly on your strangely shaped
                  | body. [potion of mutation]
 23985 | D:13     | Lost mutation: You have hidden genetic defects. [potion of
                  | mutation]
 23985 | D:13     | Gained mutation: You possess an exceptional clarity of
                  | mind. [potion of mutation]
 23985 | D:13     | Lost mutation: You are clumsy. (Dex -2) [potion of
                  | mutation]
 23985 | D:13     | Gained mutation: You are agile. (Dex +4, Str/Int -1)
                  | [potion of mutation]
 24454 | D:14     | You fall into a shaft and drop 1 floor!
 24454 | D:15     | Entered Level 15 of the Dungeon
 24487 | D:15     | You pick up a book of Vapours and begin reading...
 24542 | D:15     | HP: 20/127 [rakshasa/lance of force (28)]
 24542 | D:15     | HP: 5/127 [stone wall collision (15)]
 24547 | D:15     | HP: 23/127 [rakshasa (illusionary)/+0 long sword (2)]
 24549 | D:15     | HP: 8/127 [rakshasa/lance of force (15)]
 24549 | D:15     | Collided with a stone wall

Vanquished Creatures
  Rupert (Lair:3)
  Gastronok (D:8)
  The ghost of SirDiesAlot the Earth Mage, a journeyman DEEE of Vehumet (Lair:6)
  7 hydras
  An ice dragon (D:13)
  3 boulder beetles
  A centaur warrior (D:14)
  3 two-headed ogres
  4 death yaks (Lair:3)
  3 thrashing horrors (Lair:6)
  Nergalle (Lair:3)
  Amaemon (Lair:2)
  Sonja (Lair:3)
  A swamp dragon (shapeshifter) (Lair:6)
  3 wizards
  3 bog bodies (Lair:2)
  A large abomination (Lair:6)
  A deep elf pyromancer (D:14)
  A deep elf zephyrmancer (D:11)
  A manticore (D:13)
  6 ugly things
  2 cyclopes
  6 elephants (Lair:6)
  4 black mambas
  A smoke demon (Lair:6)
  A guardian serpent (shapeshifter) (Lair:6)
  2 gargoyles
  2 cane toads (shapeshifter)
  16 cane toads
  An unseen horror (D:11)
  2 rime drakes
  11 komodo dragons
  3 polar bears
  3 ancient zymes (Lair:6)
  4 trolls
  4 slime creatures (D:12)
  17 blink frogs
  Grinder (D:6)
  Sigmund (D:6)
  4 dream sheep (Lair:6)
  A ynoxinul (Lair:6)
  A centaur simulacrum (D:14)
  2 vampires (D:11)
  53 yaks
  3 wraiths
  7 basilisks
  5 wyverns
  A steam dragon (D:4)
  2 vampire mosquitoes (D:13)
  2 chaos spawn (Lair:6)
  2 swamp worms (Lair:2)
  2 acid dragons
  18 water moccasins
  An orc warrior (D:8)
  4 sky beasts
  2 ice beasts
  4 ogres
  4 centaurs
  A phantom (D:5)
  3 kobold brigands
  14 bullfrogs
  4 necrophages
  2 scorpions
  3 gnoll sergeants
  5 wights (D:8)
  46 killer bees
  8 small abominations (Lair:6)
  5 howler monkeys
  3 electric eels
  2 lava snakes (Lair:5)
  12 orc priests
  2 hounds
  A gnoll bouda (D:7)
  5 jellies
  3 iguanas
  6 orc wizards
  5 hell rats (Lair:4)
  21 gnolls
  5 adders
  3 shadow imps
  A white imp (D:7)
  2 ufetubi
  3 worms
  A dart slug (D:4)
  27 orcs
  9 ball pythons
  A bat zombie (D:3)
  8 endoplasms
  3 giant cockroaches (D:2)
  8 goblins
  8 hobgoblins
  5 jackals
  14 kobolds
  7 quokkas
  4 bats
  3 frilled lizards (D:1)
  7 rats
  3 rat zombies (D:3)
517 creatures vanquished.

Vanquished Creatures (collateral kills)
  An ettin (D:13)
  2 hydras
  A lindwurm (Lair:6)
  An oklob plant (Lair:5)
  2 ugly things
  A cyclops (D:13)
  2 elephants (Lair:6)
  2 black mambas
  An orange demon (Lair:2)
  4 cane toads
  2 komodo dragons
  2 blink frogs
  A wyvern (D:10)
  2 basilisks (Lair:6)
  9 yaks
  A golden eye (shapeshifter) (D:13)
  A chaos spawn (Lair:6)
  An acid dragon (D:9)
  A water moccasin (Lair:3)
  An ice beast (D:7)
  4 bullfrogs
  A small abomination (Lair:6)
  6 killer bees
  A hell rat (Lair:4)
  2 gnolls (D:9)
  An orc (D:10)
53 creatures vanquished.

Vanquished Creatures (others)
  A wizard (D:11)
  3 black mamba zombies
  A water moccasin (Lair:3)
  A cane toad zombie (Lair:6)
  2 blink frog zombies
  A wyvern zombie (Lair:6)
  A water moccasin zombie (Lair:3)
  A polar bear zombie (Lair:4)
  13 yak zombies
  A bullfrog zombie (Lair:5)
  A basilisk zombie (Lair:6)
  An orc wizard (D:8)
  5 killer bee zombies
  A howler monkey zombie (D:13)
  3 gnoll zombies (D:9)
  2 orc zombies (D:11)
  2 bushes (Lair:5)
  35 fungi
  43 plants
118 creatures vanquished.

Grand Total: 688 creatures vanquished

Table legend:
 A = Non-vault XP
 B = Vault XP
 C = Vault XP percentage of total XP
 D = Non-vault monster count
 E = Vault monster count
 F = Vault count percentage of total count
                 A         B        C        D         E       F
            +---------+---------+-------+---------+---------+-------
      Total |   74562 |   32828 |  30.6 |     428 |     134 |  23.8
            +---------+---------+-------+---------+---------+-------
        D:1 |      33 |       0 |   0.0 |      22 |       0 |   0.0
        D:2 |      56 |       8 |  12.5 |      16 |       5 |  23.8
        D:3 |     180 |       7 |   3.7 |      18 |       6 |  25.0
        D:4 |     572 |     162 |  22.1 |      25 |       5 |  16.7
        D:5 |     647 |     176 |  21.4 |      20 |       2 |   9.1
        D:6 |    1307 |     505 |  27.9 |      21 |       2 |   8.7
        D:7 |    1114 |       0 |   0.0 |      27 |       0 |   0.0
        D:8 |     885 |    1651 |  65.1 |      18 |       2 |  10.0
        D:9 |    3280 |       0 |   0.0 |      34 |       0 |   0.0
       D:10 |    2342 |     134 |   5.4 |      17 |       8 |  32.0
       D:11 |    3269 |    2361 |  41.9 |      19 |       4 |  17.4
       D:12 |    2153 |       0 |   0.0 |       8 |       0 |   0.0
       D:13 |    8405 |    2166 |  20.5 |      19 |       3 |  13.6
       D:14 |    5264 |       0 |   0.0 |       9 |       0 |   0.0
       D:15 |     610 |       0 |   0.0 |       1 |       0 |   0.0
     Lair:1 |    5771 |       0 |   0.0 |      17 |       0 |   0.0
     Lair:2 |    4398 |    3604 |  45.0 |      14 |       8 |  36.4
     Lair:3 |    9761 |    3416 |  25.9 |      29 |       3 |   9.4
     Lair:4 |    5342 |     311 |   5.5 |      25 |       3 |  10.7
     Lair:5 |    7724 |    2703 |  25.9 |      35 |      36 |  50.7
     Lair:6 |   11449 |   15624 |  57.7 |      34 |      47 |  58.0
            +---------+---------+-------+---------+---------+-------

Illustrated notes

Table legend:
 A = Kills in this place as a percentage of kills in entire the game.
 B = Kills by you in this place as a percentage of kills by you in the entire game.
 C = Kills by friends in this place as a percentage of kills by friends in the entire game.
 D = Other kills in this place as a percentage of other kills in the entire game.
 E = Experience gained in this place as a percentage of experience gained in the entire game.
 F = Experience gained in this place divided by the number of levels of this place that you have seen.
                   A       B       C       D       E      F
               +-------+-------+-------+-------+-------+----------------------
         Total | 100.0 | 100.0 | 100.0 | 100.0 | 100.0 | 5113.8
       Dungeon |  55.3 |  58.2 |  26.9 | 100.0 |  34.7 | 2485.8
          Lair |  44.7 |  41.8 |  73.1 |   0.0 |  65.3 | 11683.8
               +-------+-------+-------+-------+-------+----------------------

Table legend: (Time is in decaauts)
 A = Elapsed time spent in this place.
 B = Non-inter-level travel time spent in this place.
 C = Inter-level travel time spent in this place.
 D = Time resting spent in this place.
 E = Time spent auto-exploring this place.
 F = Levels seen in this place.
 G = Mean time per level.
                   A        B        C        D        E       F      G
               +--------+--------+--------+--------+--------+-----+--------+
         Total |  24430 |  23261 |   1169 |   1529 |  18162 |  21 | 1163.3 |
       Dungeon |  13698 |  12883 |    815 |    619 |  10089 |  15 |  913.2 |
          Lair |  10732 |  10379 |    353 |    910 |   8073 |   6 | 1788.7 |
               +--------+--------+--------+--------+--------+-----+--------+

Top non-repeatable levels by time:
  Lair:6: 2749 daAuts
  Lair:5: 2316 daAuts
  Lair:3: 1936 daAuts
    D:13: 1549 daAuts
  Lair:2: 1458 daAuts
     D:5: 1230 daAuts
     D:8: 1218 daAuts
  Lair:1: 1189 daAuts
     D:9: 1109 daAuts
    D:11: 1094 daAuts
  Lair:4: 1083 daAuts
     D:3: 1056 daAuts
     D:4: 979 daAuts
    D:10: 974 daAuts
     D:1: 938 daAuts
